 Dungeon Crawl Stone Soup version 0.29-a0-575-g0dc89cf (webtiles) character file.

Game seed: 823614208918810766

18 BingusPrime the Grave Robber (level 2, -2/20 HPs)
             Began as a Ghoul Necromancer on June 12, 2022.
             Slain by a goblin
             ... wielding a +0 club
             ... led by Robin
              (4 damage)
             ... on level 2 of the Dungeon.
             The game lasted 00:03:16 (798 turns).

BingusPrime the Grave Robber (Ghoul Necromancer)     Turns: 798, Time: 00:03:16

Health: -2/20      AC:  2    Str: 11    XL:     2   Next: 70%
Magic:  0/4        EV: 12    Int: 10    God:
Gold:   27         SH:  0    Dex:  9    Spells: 4/5 levels left

rFire   . . .      SeeInvis .   (no weapon)
rCold   + . .      Faith    .   (no shield)
rNeg    + + +      Spirit   .   a - +0 robe
rPois   ∞          Reflect  .   (no helmet)
rElec   .          Harm     .   (no cloak)
rCorr   .          Rampage  .   (no gloves)
Will    .....                   (no boots)
Stlth   ++........              (no amulet)
HPRegen 0.00/turn               (no ring)
MPRegen 0.09/turn               (no ring)

@: very slightly contaminated, inhibited regen
A: claws 1, cold resistance 1, negative energy resistance 3, inhibited
regeneration, torment resistance 2, devour on kill
a: no special abilities


You were on level 2 of the Dungeon.
You visited 1 branch of the dungeon, and saw 2 of its levels.

You collected 27 gold pieces.

Inventory:

Hand Weapons
 c - a +0 dagger
Armour
 a - a +0 robe (worn)
Scrolls
 d - a scroll of vulnerability {unknown}
 e - a scroll of enchant armour {unknown}
 g - a scroll of identify {unknown}
Potions
 b - a potion of magic


   Skills:
 + Level 2.0 Dodging
 + Level 2.5 Stealth
 * Level 2.1 Spellcasting
 * Level 4.2 Necromancy


You had 4 spell levels left.
You knew the following spells:

 Your Spells              Type           Power      Damage    Failure   Level
a - Necrotize             Necr           36%        1d5       5%          1

Your spell library contained the following spells:

 Spells                   Type           Power      Damage    Failure   Level
 Vampiric Draining        Necr           9%         2d6       16%         3
 Animate Dead             Necr           9%         N/A       47%         4
 Ignite Poison            Fire/Tmut/Pois 1%         N/A       67%         3
 Mephitic Cloud           Conj/Pois/Air  1%         N/A       67%         3
 Agony                    Necr           9%         N/A       83%         5
 Freezing Cloud           Conj/Ice/Air   0%         6-21      100%        5


Dungeon Overview and Level Annotations

Branches:
Dungeon (2/15)

Altars:

Annotations:
D:2 Robin


Innate Abilities, Weirdness & Mutations

You are immune to poison.
You have sharp fingernails.
Your flesh is cold resistant. (rC+)
You are immune to negative energy. (rN+++)
You do not regenerate when monsters are visible.
You are immune to unholy pain and torment.
You thrive by killing the living.


Message History

You kill the goblin!
You feel better. The goblin hits you with a +0 club.
* * * LOW HITPOINT WARNING * * *
Items here: ))) †.
Robin throws the goblin at you!
* * * LOW HITPOINT WARNING * * *
The goblin attacks as you move away! The goblin closely misses you.
Casting: Necrotize (safe; 5% risk of failure)
Confirm with . or Enter, or press ? or * to list all spells.
Aiming: Necrotize (safe; 5% risk of failure)
Press: ? - help, Shift-Dir - straight line, f - goblin
Aim: a goblin, wielding a +0 club (strong, chance to affect: 76%)
The goblin writhes in agony.
You kill the goblin!
The dead are walking!
The goblin attacks as you move away! The goblin barely misses you.
The hobgoblin no longer looks unusually strong.
The goblin no longer looks unusually strong.
Casting: Necrotize (safe; 5% risk of failure)
Confirm with . or Enter, or press ? or * to list all spells.
Aiming: Necrotize (safe; 5% risk of failure)
Press: ? - help, Shift-Dir - straight line, f - hobgoblin
Aim: a hobgoblin (ally target, chance to affect: 76%)
You miscast Necrotize.
You are very lightly contaminated with residual magic.
Nothing appears to happen.
The goblin hits you with a +0 club.
* * * LOW HITPOINT WARNING * * *
The goblin hits your goblin skeleton with a +0 dagger.
You open the door.
The goblin no longer looks unusually strong.
The goblin hits your goblin skeleton with a +0 dagger. x2
The goblin misses you.
Your goblin skeleton hits the goblin.
The goblin barely misses your goblin skeleton.
The goblin hits your goblin skeleton with a +0 dagger.
Your goblin skeleton is destroyed!
There is an open door here.
It was a potion of berserk rage.
You feel slightly irritated.
The goblin no longer looks unusually strong.
The goblin hits you with a +0 club.
You die...

##.## ##.....## #.# #.#
#.......# #.# #.#
##......# #.# ##'##
##...#.# #.# ##...##
#..##.##.# #.# ##.....##
#......<.# #.## ##.......#
##.##.####
...####.........####...#.#
...)..'.........@gg.)....#
...####.........####ggg###
......##.......## ##.##
#..##.###.....## #)# .....
# ##...## #.# #.#### ##+##
#g# #.# #g# #.# #.# #g#


You could see Robin, a hobgoblin and 3 goblins.

Vanquished Creatures
  An endoplasm (D:1)
  2 hobgoblins (D:2)
  5 kobolds
  A bat (D:2)
  5 goblins
  2 rats (D:2)
  A spectral kobold (D:2)
17 creatures vanquished.

Notes
Turn   | Place    | Note
-------+----------+-------------------------------------------
     0 | D:1      | BingusPrime the Ghoul Necromancer began the quest for the
                  | Orb.
     0 | D:1      | Reached XP level 1. HP: 14/14 MP: 2/2
   324 | D:1      | You fall into a shaft and drop 1 floor!
   444 | D:2      | Reached XP level 2. HP: 20/20 MP: 1/3
   511 | D:2      | Found a faded altar of an unknown god.
   777 | D:2      | Noticed Robin
   798 | D:2      | Slain by a goblin

Illustrated notes

Levels and vault maps discovered:
D:1:      ncdulo_halloftheorcs, layout_basic
D:2:      layout_loops_corners, dreamdust_ecumenical_altar_drowned_temple,
          uniq_sigmund, uniq_robin

Skill      XL: |  1  2 |
---------------+-------+-----
Spellcasting   | 2 |  2.1
Dodging        | 2 |  2.0
Stealth        | |  2.5
Necromancy     | |  4.2

Action                   || total
-------------------------++-------
Melee: Unarmed           ||    19
 Cast: Necrotize         ||    23
  Use: Potion            ||     1
Armor: Robe              ||     5
Dodge: Dodged            ||    16

Table legend: (Time is in decaauts)
 A = Elapsed time spent in this place.
 B = Non-inter-level travel time spent in this place.
 C = Inter-level travel time spent in this place.
 D = Time resting spent in this place.
 E = Time spent auto-exploring this place.
 F = Levels seen in this place.
 G = Mean time per level.
                   A        B        C        D        E       F      G
               +--------+--------+--------+--------+--------+-----+--------+
         Total |    800 |    796 |      4 |    225 |    466 |   2 |  400.0 |
       Dungeon |    800 |    796 |      4 |    225 |    466 |   2 |  400.0 |
               +--------+--------+--------+--------+--------+-----+--------+

Top non-repeatable levels by time:
     D:2: 476 daAuts
     D:1: 324 daAuts
